 Dungeon Crawl Stone Soup version 0.28.0-45-g0d030f2227 (webtiles) character file.

Game seed: 4386268247702969759

1442 issech the Cudgeller (level 8, -4/71 HPs)
             Began as a Troll Monk on Apr 10, 2022.
             Was a Believer of Hepliaklqana.
             Killed from afar by an orc wizard (10 damage)
             ... with a magic dart
             ... on level 5 of the Dungeon.
             The game lasted 00:18:48 (5775 turns).

issech the Cudgeller (Troll Monk)                   Turns: 5775, Time: 00:18:49

Health: -4/71      AC:  4    Str: 20    XL:     8   Next: 46%
Magic:  7/7        EV: 10    Int: 12    God:    Hepliaklqana [**....]
Gold:   176        SH:  0    Dex: 14    Spells: 7/7 levels left

rFire   . . .      SeeInvis .   z - +1 mace (holy)
rCold   + . .      Faith    .   g - +0 kite shield
rNeg    . . .      Spirit   .   b - +0 robe
rPois   .          Reflect  .   (helmet restricted)
rElec   .          Harm     .   (no cloak)
rCorr   .          Rampage  .   (gloves unavailable)
Will    .....                   (boots unavailable)
Stlth   +.........              (no amulet)
HPRegen 1.01/turn               y - +6 ring of intelligence
MPRegen 0.10/turn               E - ring of protection from cold

@: confused
A: reduced essence, large, unfitting armour, claws 3, regeneration 1, shaggy fur
1, tough skin 1
a: Renounce Religion, Recall Ancestor, Ancestor Identity


You were on level 5 of the Dungeon.
You worshipped Hepliaklqana.
Hepliaklqana was pleased with you.
You visited 2 branches of the dungeon, and saw 7 of its levels.

You collected 176 gold pieces.

Inventory:

Hand Weapons
 a - a +0 mace
 o - a +0 flail
 t - a +1 whip of electrocution
 v - a +0 giant spiked club
 w - a +1 hand axe of venom
 z - a +1 mace of holy wrath (weapon)
Missiles
 c - 217 stones (quivered)
 e - 104 arrows
 m - 4 curare-tipped darts
 n - 51 bolts
 C - 20 sling bullets
 G - a boomerang
Armour
 b - a +0 robe (worn)
 g - a +0 kite shield (worn)
Jewellery
 y - a +6 ring of intelligence (left claw)
 E - a ring of protection from cold (right claw)
Wands
 r - a wand of iceblast (6)
Scrolls
 f - 2 scrolls of amnesia
 k - a scroll of enchant weapon
 l - a scroll of fog
 s - a scroll of noise
 u - a scroll of teleportation {unknown}
 x - a scroll of holy word {unknown}
 D - a scroll of enchant armour {unknown}
 H - a scroll of magic mapping {unknown}
Potions
 d - a potion of resistance {unknown}
 h - a potion of degeneration {unknown}
 i - a potion of might {unknown}
 j - a potion of flight {unknown}
 p - a potion of invisibility {unknown}
 q - 4 potions of brilliance {unknown}
 A - a potion of berserk rage {unknown}
 B - 2 potions of haste {unknown}
 F - 2 potions of ambrosia {unknown}


   Skills:
 + Level 4.6 Fighting
 + Level 6.6 Maces & Flails
 + Level 0.5 Throwing
 + Level 4.7 Dodging
 + Level 1.7 Stealth
 + Level 2.6 Shields


You had 7 spell levels left.
You didn't know any spells.
Your spell library contained the following spells:

 Spells                   Type           Power      Damage    Failure   Level
 Summon Lightning Spire   Summ/Air       0%         N/A       100%        4
 Summon Forest            Summ/Tloc      0%         N/A       100%        5
 Eringya's Noxious Bog    Tmut/Pois      0%         N/A       100%        6
 Storm Form               Tmut/Air       0%         N/A       100%        7
 Summon Hydra             Summ           0%         N/A       100%        7
 Maxwell's Capacitive Co  Air            0%         ∞         100%        8


Dungeon Overview and Level Annotations

Branches:
Dungeon (6/15)             Temple (1/1) D:5

Altars:
Cheibriados
Dithmenos
Elyvilon
Fedhas
Gozag
Hepliaklqana
Kikubaaqudgha
Makhleb
Okawaru
Ru
Sif Muna
Trog
Vehumet
Wu Jian
Xom
Yredelemnul
Zin
The Shining One

Shops:
D:2 [


Innate Abilities, Weirdness & Mutations

Your life essence is reduced to manifest your ancestor. (-10% HP)
You are too large for most types of armour.
You have claws for hands.
Your natural rate of healing is unusually fast.
You are covered in fur. (AC +1)
You have tough skin. (AC +1)


Message History

You hear a shout! x2
The orc wizard closely misses you.
The orc wizard gestures wildly while chanting.
The orc wizard flickers and vanishes!
Deactivating autopickup; reactivate with Ctrl-A.
You block the orc warrior's attack.
You climb upwards.
Reactivating autopickup.
There is a stone staircase leading down here.
You block the orc warrior's attack.
The orc warrior hits you from afar with a +0 glaive!
You block the orc warrior's attack.
You hear some strange, mumbled words.
Deactivating autopickup; reactivate with Ctrl-A.
You are confused.
There is an open door here.
The orc warrior hits you with a +0 glaive!
You miss something. Something hits you.
The orc warrior hits you with a +0 glaive.
Something hits you but does no damage. The orc warrior misses you.
There is an open door here.
You bump into the rock wall.
Something hits you but does no damage.
The orc warrior hits you from afar with a +0 glaive!
* * * LOW HITPOINT WARNING * * *
You bump into the rock wall.
You feel less confused. Something hits you.
* * * LOW HITPOINT WARNING * * *
The orc warrior closely misses you.
You hear some strange, mumbled words.
You are confused.
You hear some strange, mumbled words.
You are more confused.
Something hits you.
* * * LOW HITPOINT WARNING * * *
The orc warrior hits you from afar with a +0 glaive!
* * * LOW HITPOINT WARNING * * *
A magic dart appears from out of thin air!
The magic dart hits you!
You die...

##..##..##.###..............###'#
##..##..##.#.....#####..........[
....#......#.....#...#...........
....#......#.....#...#...........
....#......#..)..#...#...........
######.....#.....##'##...........
....##.....'..............<...###
.......>...#.o........#########..
...........#..{.@.....#.......#..
....##.....#..........'.......#..
....#############.....#......##..
....#...........#.....#......##..
....'...........#.....#..........
######..........#.....#......##..
.....########...#.....#......##..
............#...+.....#......####
............#...#.....#...^..#...


You could see an orc warrior.

Vanquished Creatures
  2 sky beasts
  A centaur (D:5)
  2 ogres (D:5)
  2 phantoms (D:5)
  A scorpion (D:5)
  2 water moccasin skeletons (D:4)
  A howler monkey (D:4)
  A gnoll shaman (D:3)
  An orc priest (D:6)
  2 orc wizards
  5 gnolls
  2 adders
  An ufetubus (D:6)
  A dart slug (D:5)
  9 orcs
  7 endoplasms
  2 giant cockroaches
  5 goblins
  5 hobgoblins
  3 jackals (D:4)
  4 quokkas
  10 ball pythons
  6 bats
  4 frilled lizards
  10 kobolds
  10 rats
99 creatures vanquished.

Vanquished Creatures (collateral kills)
  Grinder (D:5)
  A sky beast (D:6)
  A centaur (D:5)
  A hound (D:5)
  An iguana (D:6)
  A quokka (D:5)
6 creatures vanquished.

Vanquished Creatures (others)
  2 battlemagi (D:6)
2 creatures vanquished.

Grand Total: 107 creatures vanquished

Notes
Turn   | Place    | Note
-------+----------+-------------------------------------------
     0 | D:1      | issech the Troll Monk began the quest for the Orb.
     0 | D:1      | Reached XP level 1. HP: 22/22 MP: 0/0
    37 | D:1      | Found a faded altar of an unknown god.
   140 | D:1      | Reached XP level 2. HP: 29/29 MP: 1/1
   347 | D:1      | Reached skill level 3 in Maces & Flails
   630 | D:1      | Reached XP level 3. HP: 36/36 MP: 2/2
  1045 | D:2      | Found Faitati's Antique Armour Boutique.
  1741 | D:2      | Reached XP level 4. HP: 37/44 MP: 3/3
  1907 | D:3      | Found an iron altar of Okawaru.
  2524 | D:4      | Reached XP level 5. HP: 53/53 MP: 4/4
  2540 | D:4      | Noticed a sky beast
  2622 | D:4      | HP: 1/53 [something (5)]
  2687 | D:3      | Reached skill level 1 in Shields
  2747 | D:3      | Killed a sky beast
  2748 | D:3      | Reached skill level 4 in Maces & Flails
  2808 | D:4      | Reached XP level 6. HP: 52/61 MP: 5/5
  4045 | D:5      | Entered Level 5 of the Dungeon
  4120 | D:5      | Reached skill level 5 in Maces & Flails
  4120 | D:5      | Reached XP level 7. HP: 51/68 MP: 6/6
  4448 | D:5      | Noticed Grinder
  4579 | D:6      | Reached skill level 6 in Maces & Flails
  4666 | D:6      | Reached XP level 8. HP: 77/79 MP: 7/7
  4688 | D:5      | Found a staircase to the Ecumenical Temple.
  4702 | Temple   | Entered the Ecumenical Temple
  4866 | Temple   | Became a worshipper of Hepliaklqana the Forgotten
  4866 | Temple   | Reached * piety under Hepliaklqana
  4866 | Temple   | Reached ** piety under Hepliaklqana
  4867 | Temple   | Remembered your ancestor Baqqanum as a battlemage
  5223 | D:5      | Paralysed by Grinder for 7 turns
  5231 | D:5      | Killed Grinder
  5674 | D:6      | HP: 1/71 [orc warrior/+0 glaive (16)]
  5775 | D:5      | Killed from afar by an orc wizard

Illustrated notes

Levels and vault maps discovered:
D:1:      dpeg_arrival_refuge, layout_basic, basic_ecumenical_altar
D:2:      layout_basic, serial_shops, shop_statue, nrook_campfire,
          minmay_misc_feat_diagonals
D:3:      layout_basic, kennysheep_okawaru_gauntlet, kennysheep_generic_room_8
D:4:      layout_layer_cave
D:5:      layout_gridville, minmay_temple_entry_slanted, uniq_grinder
D:6:      layout_basic, gammafunk_ghost_cemetery, kennysheep_small_spiral,
          chequers_serial_rivers_large_b, sigmund_edmund_badplayer
Temple:   minmay_crystal_spiral_temple

Skill      XL: |  1  2  3  4  5  6  7 |
---------------+----------------------+-----
Maces & Flails | 3 4 5 6 |  6.6
Dodging        | 3 4 |  4.7
Fighting       | 3 4 |  4.6
Shields        | 1 2 |  2.6
Throwing       | |  0.5
Stealth        | |  1.7

Action                   |  1- 3 |  4- 6 |  7- 9 || total
-------------------------+-------+-------+-------++-------
Melee: Mace              |   135 |    58 |    60 ||   253
       Flail             |       |   124 |       ||   124
       Whip              |       |    28 |    35 ||    63
Throw: Stone             |     1 |    20 |     1 ||    22
Invok: Ancestor Life: Ba |       |       |     1 ||     1
  Use: Scroll            |       |     4 |       ||     4
 Stab: Sleeping          |     4 |     1 |     2 ||     7
Armor: Robe              |   104 |    71 |    43 ||   218
Dodge: Dodged            |    87 |    86 |    28 ||   201
Block: Kite shield       |    26 |    85 |    46 ||   157
